Wolves vs Monsters

Created - Friday, December 19, 2014 at 23:18

Goals
1 2 3 T
Wolves 2 5 2 9
Monsters 0 1 0 1
Shots
1 2 3 T
Wolves 4 8 15 27
Monsters 5 13 6 24

1st period

1. Wolves , Mark Pysyk 9 (Daniel Carcillo) at 13:08
2. Wolves , Aaron Volpatti 5 (Chris Terry) at 13:21

Penalties :
Andrej Nestrasil (LAM) for Fighting (Major) at 0:41, Daniel Carcillo (CHI) for Fighting (Major) at 0:41, Jared Boll (CHI) for Tripping (Minor) at 3:55, Aaron Volpatti (CHI) for Slashing (Minor) at 7:45, Cedric Paquette (CHI) for Hooking (Minor) at 10:28, Andrej Nestrasil (LAM) for Fighting (Major) at 15:00, Daniel Carcillo (CHI) for Fighting (Major) at 15:00, Max Friberg (LAM) for Fighting (Major) at 15:47, Jared Boll (CHI) for Fighting (Major) at 15:47

2nd period

3. Wolves , Chris Terry 7 (Jordan Schroeder, Jared Boll) at 3:03
4. Wolves , Aaron Volpatti 6 (Mark Pysyk, Cedric Paquette) at 4:17 (PP)
5. Monsters , Ben Street 12 (Raphael Bussieres, Brett Hextall) at 9:12 (PP)
6. Wolves , Chris Terry 8 (Mark Pysyk, Landon Ferraro) at 12:42
7. Wolves , Jared Boll 11 (Chris Terry, Jordan Schroeder) at 12:52
8. Wolves , Chris Terry 9 (Jordan Schroeder, Jared Boll) at 15:02

Penalties :
Matthew Corrente (LAM) for Fighting (Major) at 3:14, Daniel Carcillo (CHI) for Fighting (Major / Game Misconduct) at 3:14, Matthew Corrente (LAM) for instigated a fight (Minor) at 3:14, Matthew Corrente (LAM) for instigated a fight (10 Minutes Misconduct) at 3:14, Max Friberg (LAM) for Fighting (Major) at 6:41, Aaron Volpatti (CHI) for Fighting (Major) at 6:41, Aaron Volpatti (CHI) for instigated a fight (Minor) at 6:41, Aaron Volpatti (CHI) for instigated a fight (10 Minutes Misconduct) at 6:41, Cedric Paquette (CHI) for Hooking (Minor) at 9:01, Andrej Nestrasil (LAM) for Fighting (Major / Game Misconduct) at 13:01, Christian Hanson (CHI) for Fighting (Major) at 13:01, Jared Boll (CHI) for Roughing (Minor) at 16:58

3rd period

9. Wolves , Mark Pysyk 10 (Kent Huskins) at 0:37 (PP)
10. Wolves , Chris Terry 10 (Jordan Schroeder, Mark Pysyk) at 11:01

Penalties :
Paul Bissonnette (LAM) for Fighting (Major) at 0:03, Jared Boll (CHI) for Fighting (Major) at 0:03, Paul Bissonnette (LAM) for instigated a fight (Minor) at 0:03, Paul Bissonnette (LAM) for instigated a fight (10 Minutes Misconduct) at 0:03, Max Friberg (LAM) for Fighting (Major / Game Misconduct) at 4:46, Aaron Volpatti (CHI) for Fighting (Major) at 4:46, Aaron Volpatti (CHI) for instigated a fight (Minor) at 4:46, Aaron Volpatti (CHI) for instigated a fight (10 Minutes Misconduct) at 4:46, Matthew Corrente (LAM) for Fighting (Major) at 8:56, Dane Byers (CHI) for Fighting (Major) at 8:56

Goalie Stats

Peter Mannino (CHI), 23 saves from 24 shots - (0.958), W, 17-4-2, 60:00 minutes
Farm Player80 (LAM), 15 saves from 20 shots - (0.750), L, 1-25-1, 43:40 minutes
Farm Player100 (LAM), 3 saves from 7 shots - (0.429), 16:20 minutes

Players Stats for Wolves

Player Name              G  A  P  +/- PIM S  H  SB GA TA FO     MP     PP MP  PK MP  
------------------------------------------------------------------------------------
A.J. Jenks               0  0  0   0  0   0  0  0  0  0  0/0     0:00   0:00   0:00 
Aaron Volpatti           2  0  2   1  36  2  2  1  1  1  0/0    10:21   0:33   0:00 
Cedric Paquette          0  1  1   1  4   5  4  0  2  0  7/21   21:49   0:45   0:24 
Chris Terry              4  2  6   6  0   7  1  0  3  2  2/7    26:34   0:52   5:06 
Christian Hanson         0  0  0   1  5   2  2  0  2  0  0/0    18:57   0:45   0:00 
Corbin McPherson         0  0  0   1  0   2  0  3  0  0  0/0    22:10   0:30   5:22 
Dane Byers               0  0  0   1  5   0  1  0  3  0  0/1    17:54   0:00   3:38 
Daniel Carcillo          0  1  1   1  25  0  1  0  1  0  0/0     4:51   0:00   1:30 
Farm Player20            0  0  0   2  0   0  0  0  0  0  0/0    13:31   0:00   0:27 
Jared Boll               1  2  3   4  14  1  1  0  2  1  1/1    12:17   0:30   1:51 
Joel Broda               0  0  0   0  0   0  2  0  0  1  2/3    13:15   0:00   1:20 
Jordan Schroeder         0  4  4   4  0   0  1  0  4  0  9/16   24:36   0:52   4:33 
Josh Brittain            0  0  0   0  0   0  0  0  0  0  0/0     1:41   0:00   0:00 
Kent Huskins             0  1  1   4  0   0  3  0  0  3  0/0    25:59   1:07   3:42 
Landon Ferraro           0  1  1   2  0   1  0  0  0  2  1/4    17:28   0:34   0:00 
Mark Pysyk               2  3  5   4  0   5  2  1  2  2  0/0    25:59   1:07   3:42 
Michael Caruso           0  0  0   2  0   0  0  1  0  1  0/0    11:51   0:00   0:00 
Yann Sauve               0  0  0   1  0   2  0  0  0  1  0/0    22:10   0:30   5:22 

Players Stats for Monsters

Player Name              G  A  P  +/- PIM S  H  SB GA TA FO     MP     PP MP  PK MP  
------------------------------------------------------------------------------------
Andrej Nestrasil         0  0  0  -1  25  0  0  0  0  1  3/4     8:12   2:49   1:03 
Andrew Joudrey           0  0  0  -3  0   2  3  1  5  1  10/16  22:06   2:37   0:00 
Ben Street               1  0  1  -3  0   4  1  2  1  2  6/14   21:03   4:50   0:00 
Benn Ferriero            0  0  0  -1  0   8  1  1  6  4  3/7    26:34   3:52   1:37 
Brett Hextall            0  1  1  -3  0   2  3  1  0  1  2/2    20:42   4:50   0:00 
Farm Player13            0  0  0  -1  0   0  3  1  0  0  0/1    20:51   3:36   0:00 
Farm Player18            0  0  0  -1  0   0  0  0  1  0  0/0    18:15   3:01   0:00 
Farm Player27            0  0  0  -3  0   1  0  0  0  0  0/0    11:55   0:00   0:00 
Farm Player32            0  0  0  -1  0   0  0  0  0  0  0/0     8:49   0:00   0:00 
Farm Player33            0  0  0  -4  0   0  1  0  0  0  0/0    21:24   1:30   0:00 
Farm Player35            0  0  0  -4  0   0  0  0  1  0  0/0    24:29   6:03   1:37 
Farm Player39            0  0  0  -2  0   0  0  2  0  0  0/0    13:53   0:00   1:03 
Justin Mercier           0  0  0   0  0   1  0  0  1  1  0/0     4:28   0:00   0:00 
Matthew Corrente         0  0  0  -1  22  0  1  2  0  1  0/0    19:09   3:58   0:34 
Max Friberg              0  0  0  -2  25  1  1  0  1  0  1/1    11:41   3:29   0:00 
Paul Bissonnette         0  0  0  -1  17  2  0  0  6  1  1/1    15:31   4:14   0:00 
Raphael Bussieres        0  1  1  -3  0   2  1  0  3  1  2/2    16:14   0:11   0:00 
Tanner Richard           0  0  0  -1  0   1  1  0  3  0  3/5    12:58   0:20   0:34 

3 Stars

1 - Chris Terry (CHI)
2 - Mark Pysyk (CHI)
3 - Jordan Schroeder (CHI)

Power Play

Wolves - 2 on 2 Attempt(s) - 100.00%
Monsters - 1 on 7 Attempt(s) - 14.29%

Penalty Kill

Wolves - 6 on 7 Attempt(s) - 85.71% - Score 0 goal in Penalty Kill
Monsters - 0 on 2 Attempt(s) - 0.00% - Score 0 goal in Penalty Kill

Official

Referees : Unknown
Linesman : Unknown

Game Notes

Andrej Nestrasil and Daniel Carcillo fight to a draw at 0:41 of 1st period
Daniel Carcillo beats up Andrej Nestrasil at 15:00 of 1st period
Jared Boll beats up Max Friberg at 15:47 of 1st period
Matthew Corrente beats up Daniel Carcillo at 3:14 of 2nd period
Daniel Carcillo ejected from game at 3:14 of 2nd period
Daniel Carcillo from Wolves is suspended for 1 game(s)
Farm Player100 enters game at 4:17 of 2nd period
Max Friberg and Aaron Volpatti fight to a draw at 6:41 of 2nd period
Andrej Nestrasil and Christian Hanson fight to a draw at 13:01 of 2nd period
Andrej Nestrasil ejected from game at 13:01 of 2nd period
Chris Terry has scored a Hat Trick!
Paul Bissonnette and Jared Boll fight to a draw at 0:03 of 3rd period
Farm Player80 enters game at 0:37 of 3rd period
Max Friberg and Aaron Volpatti fight to a draw at 4:46 of 3rd period
Max Friberg ejected from game at 4:46 of 3rd period
Matthew Corrente beats up Dane Byers at 8:56 of 3rd period

Finance

Level 1 -- Attendance: 1572 (78.60%) -- Ticket Income $55,020
Level 2 -- Attendance: 804 (80.40%) -- Ticket Income $12,060
Total Attendance: 2376 (79.20%)
Total Ticket Income: $67,080
Other Income: $32,869
Total Income: $99,949

Wolves

5 vs 5 Forward 
   Center                   Left Wing                Right Wing               Time % Phy DF OF 
 1 Jordan Schroeder         Chris Terry              Jared Boll               35     1   2  2  
 2 Cedric Paquette          Daniel Carcillo          Christian Hanson         30     1   2  2  
 3 Landon Ferraro           Aaron Volpatti           Chris Terry              22     1   2  2  
 4 Joel Broda               Dane Byers               Jordan Schroeder         13     1   2  2  

5 vs 5 Defense 
   Defense                  Defense                                           Time % Phy DF OF 
 1 Mark Pysyk               Kent Huskins                                      35     1   2  2  
 2 Corbin McPherson         Yann Sauve                                        30     1   2  2  
 3 Michael Caruso           Farm Player20                                     22     1   2  2  
 4 Mark Pysyk               Kent Huskins                                      13     1   2  2  

PowerPlay Forward 
   Center                   Left Wing                Right Wing               Time % Phy DF OF 
 1 Jordan Schroeder         Chris Terry              Jared Boll               60     1   2  2  
 2 Cedric Paquette          Daniel Carcillo          Christian Hanson         40     1   2  2  

PowerPlay Defense
   Defense                  Defense                                           Time % Phy DF OF 
 1 Mark Pysyk               Kent Huskins                                      60     1   2  2  
 2 Corbin McPherson         Yann Sauve                                        40     1   2  2  

Penalty Kill 4 Players Forward 
   Center                   Wing                     Time % Phy DF OF 
 1 Chris Terry              Jordan Schroeder         60     1   2  2  
 2 Jared Boll               Daniel Carcillo          40     1   2  2  

Penalty Kill 4 Players Defense
   Defense                  Defense                  Time % Phy DF OF 
 1 Mark Pysyk               Kent Huskins             60     1   2  2  
 2 Corbin McPherson         Yann Sauve               40     1   2  2  

Penalty Kill - 3 Players Forward 
   Forward                                           Time % Phy DF OF 
 1 Chris Terry                                       60     1   2  2  
 2 Jordan Schroeder                                  40     1   2  2  

Penalty Kill - 3 Players Defense
   Defense                  Defense                  Time % Phy DF OF 
 1 Mark Pysyk               Kent Huskins             60     1   2  2  
 2 Corbin McPherson         Yann Sauve               40     1   2  2  

4 vs 4 Forward 
   Center                   Wing                     Time % Phy DF OF 
 1 Chris Terry              Jordan Schroeder         60     1   2  2  
 2 Jared Boll               Daniel Carcillo          40     1   2  2  

4 vs 4 Defense
   Defense                  Defense                  Time % Phy DF OF 
 1 Mark Pysyk               Kent Huskins             60     1   2  2  
 2 Corbin McPherson         Yann Sauve               40     1   2  2  

Last Minutes Offensive
   Center                   Left Wing                Right Wing               Defense                  Defense                  
   Jordan Schroeder         Chris Terry              Jared Boll               Mark Pysyk               Kent Huskins             

Last Minutes Defensive
   Center                   Left Wing                Right Wing               Defense                  Defense                  
   Jordan Schroeder         Chris Terry              Jared Boll               Mark Pysyk               Kent Huskins             

Goaltenders
Starting : Peter Mannino            
Backup : Scott Wedgewood          

Extra Forwards
Normal : Aaron Volpatti, Landon Ferraro, Dane Byers - PP : Aaron Volpatti, Landon Ferraro - PK : Dane Byers
Extra Defensemen
Normal : Michael Caruso, Farm Player20, Corbin McPherson - PP : Michael Caruso - PK : Farm Player20, Corbin McPherson
Penalty Shots
Chris Terry, Jordan Schroeder, Jared Boll, Daniel Carcillo, Aaron Volpatti

Monsters

5 vs 5 Forward 
   Center                   Left Wing                Right Wing               Time % Phy DF OF 
 1 Andrej Nestrasil         Benn Ferriero            Paul Bissonnette         35     1   2  2  
 2 Ben Street               Max Friberg              Brett Hextall            30     1   2  2  
 3 Andrew Joudrey           Raphael Bussieres        Farm Player27            22     1   2  2  
 4 Tanner Richard           Justin Mercier           Benn Ferriero            13     1   2  2  

5 vs 5 Defense 
   Defense                  Defense                                           Time % Phy DF OF 
 1 Matthew Corrente         Farm Player35                                     35     1   2  2  
 2 Farm Player13            Farm Player18                                     30     1   2  2  
 3 Farm Player33            Farm Player39                                     22     1   2  2  
 4 Farm Player32            Matthew Corrente                                  13     1   2  2  

PowerPlay Forward 
   Center                   Left Wing                Right Wing               Time % Phy DF OF 
 1 Andrej Nestrasil         Benn Ferriero            Paul Bissonnette         60     1   2  2  
 2 Ben Street               Max Friberg              Brett Hextall            40     1   2  2  

PowerPlay Defense
   Defense                  Defense                                           Time % Phy DF OF 
 1 Matthew Corrente         Farm Player35                                     60     1   2  2  
 2 Farm Player13            Farm Player18                                     40     1   2  2  

Penalty Kill 4 Players Forward 
   Center                   Wing                     Time % Phy DF OF 
 1 Benn Ferriero            Andrej Nestrasil         60     1   2  2  
 2 Ben Street               Max Friberg              40     1   2  2  

Penalty Kill 4 Players Defense
   Defense                  Defense                  Time % Phy DF OF 
 1 Matthew Corrente         Farm Player35            60     1   2  2  
 2 Farm Player13            Farm Player18            40     1   2  2  

Penalty Kill - 3 Players Forward 
   Forward                                           Time % Phy DF OF 
 1 Benn Ferriero                                     60     1   2  2  
 2 Andrej Nestrasil                                  40     1   2  2  

Penalty Kill - 3 Players Defense
   Defense                  Defense                  Time % Phy DF OF 
 1 Matthew Corrente         Farm Player35            60     1   2  2  
 2 Farm Player13            Farm Player18            40     1   2  2  

4 vs 4 Forward 
   Center                   Wing                     Time % Phy DF OF 
 1 Benn Ferriero            Andrej Nestrasil         60     1   2  2  
 2 Ben Street               Max Friberg              40     1   2  2  

4 vs 4 Defense
   Defense                  Defense                  Time % Phy DF OF 
 1 Matthew Corrente         Farm Player35            60     1   2  2  
 2 Farm Player13            Farm Player18            40     1   2  2  

Last Minutes Offensive
   Center                   Left Wing                Right Wing               Defense                  Defense                  
   Andrej Nestrasil         Benn Ferriero            Paul Bissonnette         Matthew Corrente         Farm Player35            

Last Minutes Defensive
   Center                   Left Wing                Right Wing               Defense                  Defense                  
   Andrej Nestrasil         Benn Ferriero            Paul Bissonnette         Matthew Corrente         Farm Player35            

Goaltenders
Starting : Farm Player80            
Backup : Farm Player100           

Extra Forwards
Normal : Andrew Joudrey, Raphael Bussieres, Tanner Richard - PP : Andrew Joudrey, Raphael Bussieres - PK : Tanner Richard
Extra Defensemen
Normal : Farm Player33, Farm Player39, Farm Player27 - PP : Farm Player33 - PK : Farm Player39, Farm Player27
Penalty Shots
Benn Ferriero, Andrej Nestrasil, Ben Street, Max Friberg, Paul Bissonnette

% Time on Ice - Wolves

Lines # - Real PCT - Wanted PCT - Time Play
Normal Forward
1 - 28% - 35% - 13:38
2 - 42% - 30% - 20:41
3 - 20% - 22% - 9:44
4 - 11% - 13% - 5:16
Normal Defense
1 - 35% - 35% - 17:14
2 - 33% - 30% - 16:18
3 - 24% - 22% - 11:51
4 - 8% - 13% - 3:56
PP Forward
1 - 54% - 60% - 0:52
2 - 46% - 40% - 0:45
PP Defense
1 - 69% - 60% - 1:07
2 - 31% - 40% - 0:30
PK Forward
1 - 68% - 60% - 6:09
2 - 32% - 40% - 2:55
PK Defense
1 - 41% - 60% - 3:42
2 - 59% - 40% - 5:22
PK3 Forward
1 - 0% - 60%
2 - 0% - 40%
PK3 Defense
1 - 0% - 60%
2 - 0% - 40%
44 Forward
1 - 0% - 60%
2 - 0% - 40%
44 Defense
1 - 0% - 60%
2 - 0% - 40%
Last Minute Offensive  - 0:00
Last Minute Defensive  - 0:00
Total
Forward - 60:00
Defense - 60:00

% Time on Ice - Monsters

Lines # - Real PCT - Wanted PCT - Time Play
Normal Forward
1 - 39% - 35% - 19:05
2 - 33% - 30% - 16:20
3 - 19% - 22% - 9:26
4 - 9% - 13% - 4:28
Normal Defense
1 - 33% - 35% - 16:21
2 - 26% - 30% - 12:41
3 - 23% - 22% - 11:28
4 - 18% - 13% - 8:49
PP Forward
1 - 47% - 60% - 4:14
2 - 53% - 40% - 4:50
PP Defense
1 - 67% - 60% - 6:03
2 - 33% - 40% - 3:01
PK Forward
1 - 100% - 60% - 1:37
2 - 0% - 40% - 0:00
PK Defense
1 - 100% - 60% - 1:37
2 - 0% - 40% - 0:00
PK3 Forward
1 - 0% - 60%
2 - 0% - 40%
PK3 Defense
1 - 0% - 60%
2 - 0% - 40%
44 Forward
1 - 0% - 60%
2 - 0% - 40%
44 Defense
1 - 0% - 60%
2 - 0% - 40%
Last Minute Offensive  - 0:00
Last Minute Defensive  - 0:00
Total
Forward - 60:00
Defense - 60:00

Play by Play

1st period


0:01 of 1st period - Andrej Nestrasil wins face-off versus Jordan Schroeder in neutral zone.
0:22 of 1st period - Wrist shot by Chris Terry.
0:22 of 1st period - Stopped by Farm Player80 with a rebound.
0:26 of 1st period - Wrist shot by Jordan Schroeder.
0:26 of 1st period - Shot Misses the Net.
0:41 of 1st period - Andrej Nestrasil and Daniel Carcillo fight to a draw.
0:41 of 1st period - Penalty to Andrej Nestrasil for Fighting.
0:41 of 1st period - Penalty to Daniel Carcillo for Fighting.
0:42 of 1st period - Ben Street wins face-off versus Cedric Paquette in Monsters zone.
0:51 of 1st period - Slapshot by Max Friberg.
0:51 of 1st period - Stopped by Peter Mannino with a rebound.
0:53 of 1st period - Wrist shot by Brett Hextall.
0:53 of 1st period - Shot Misses the Net.
1:31 of 1st period - Snap shot by Raphael Bussieres.
1:31 of 1st period - Shot Misses the Net.
3:02 of 1st period - Snap shot by Jared Boll.
3:02 of 1st period - Shot Blocked by Andrew Joudrey.
3:05 of 1st period - Icing by Paul Bissonnette.
3:06 of 1st period - Jordan Schroeder wins face-off versus Andrew Joudrey in Monsters zone.
3:55 of 1st period - Minor Penalty to Jared Boll for Tripping.
3:56 of 1st period - Chris Terry wins face-off versus Andrew Joudrey in Wolves zone.
4:03 of 1st period - Off-side.
4:04 of 1st period - Andrew Joudrey wins face-off versus Chris Terry in neutral zone.
4:15 of 1st period - Off-side.
4:16 of 1st period - Paul Bissonnette wins face-off versus Chris Terry in neutral zone.
4:48 of 1st period - Farm Player35 is hit by Mark Pysyk and loses puck.
5:07 of 1st period - Ben Street is hit by Kent Huskins and loses puck.
5:38 of 1st period - Chris Terry is hit by Farm Player13 and loses puck.
5:41 of 1st period - Penalty to Daniel Carcillo is over, Daniel Carcillo is back on ice.
6:08 of 1st period - Wrist shot by Paul Bissonnette.
6:08 of 1st period - Deflect By Benn Ferriero.
6:08 of 1st period - Stopped by Peter Mannino without a rebound.
6:09 of 1st period - Andrej Nestrasil wins face-off versus Cedric Paquette in Wolves zone.
6:36 of 1st period - Snap shot by Andrew Joudrey.
6:36 of 1st period - Stopped by Peter Mannino with a rebound.
6:38 of 1st period - Slapshot by Andrew Joudrey.
6:38 of 1st period - Shot Blocked by Michael Caruso.
7:45 of 1st period - Minor Penalty to Aaron Volpatti for Slashing.
7:46 of 1st period - Jordan Schroeder wins face-off versus Ben Street in Wolves zone.
9:45 of 1st period - Penalty to Aaron Volpatti is over, Aaron Volpatti is back on ice.
9:59 of 1st period - Icing by Andrew Joudrey.
10:00 of 1st period - Andrew Joudrey wins face-off versus Cedric Paquette in Monsters zone.
10:28 of 1st period - Minor Penalty to Cedric Paquette for Hooking.
10:29 of 1st period - Jared Boll wins face-off versus Ben Street in Wolves zone.
10:29 of 1st period - Jared Boll is hit by Ben Street.
11:13 of 1st period - Snap shot by Paul Bissonnette.
11:13 of 1st period - Shot Misses the Net.
11:15 of 1st period - Wrist shot by Benn Ferriero.
11:15 of 1st period - Shot Misses the Net.
11:51 of 1st period - Matthew Corrente is hit by Joel Broda and loses puck.
12:28 of 1st period - Penalty to Cedric Paquette is over, Cedric Paquette is back on ice.
13:08 of 1st period - Snap shot by Mark Pysyk.
13:08 of 1st period - Goal by Mark Pysyk - Wolves : 1 - Monsters : 0.
13:09 of 1st period - Andrew Joudrey wins face-off versus Landon Ferraro in neutral zone.
13:17 of 1st period - Snap shot by Chris Terry.
13:17 of 1st period - Stopped by Farm Player80 with a rebound.
13:21 of 1st period - Snap shot by Aaron Volpatti.
13:21 of 1st period - Goal by Aaron Volpatti - Wolves : 2 - Monsters : 0.
13:22 of 1st period - Joel Broda wins face-off versus Ben Street in neutral zone.
13:29 of 1st period - Snap shot by Jordan Schroeder.
13:29 of 1st period - Shot Misses the Net.
14:11 of 1st period - Kent Huskins is hit by Matthew Corrente and loses puck.
14:18 of 1st period - Landon Ferraro is hit by Andrew Joudrey and loses puck.
15:00 of 1st period - Daniel Carcillo beats up Andrej Nestrasil.
15:00 of 1st period - Penalty to Andrej Nestrasil for Fighting.
15:00 of 1st period - Penalty to Daniel Carcillo for Fighting.
15:01 of 1st period - Benn Ferriero wins face-off versus Cedric Paquette in Monsters zone.
15:01 of 1st period - Benn Ferriero is hit by Aaron Volpatti.
15:47 of 1st period - Jared Boll beats up Max Friberg.
15:47 of 1st period - Penalty to Max Friberg for Fighting.
15:47 of 1st period - Penalty to Jared Boll for Fighting.
15:48 of 1st period - Jordan Schroeder wins face-off versus Ben Street in neutral zone.
16:51 of 1st period - Christian Hanson is hit by Benn Ferriero and loses puck.
16:56 of 1st period - Snap shot by Paul Bissonnette.
16:56 of 1st period - Shot Blocked by Corbin McPherson.
16:58 of 1st period - Snap shot by Benn Ferriero.
16:58 of 1st period - Shot Misses the Net.
17:00 of 1st period - Snap shot by Benn Ferriero.
17:00 of 1st period - Stopped by Peter Mannino without a rebound.
17:01 of 1st period - Ben Street wins face-off versus Jordan Schroeder in Wolves zone.
17:06 of 1st period - Snap shot by Ben Street.
17:06 of 1st period - Shot Blocked by Aaron Volpatti.
17:08 of 1st period - Snap shot by Raphael Bussieres.
17:08 of 1st period - Shot Blocked by Corbin McPherson.
17:38 of 1st period - Snap shot by Justin Mercier.
17:38 of 1st period - Stopped by Peter Mannino with a rebound.
17:44 of 1st period - Justin Mercier is hit by Dane Byers and loses puck.
18:15 of 1st period - Brett Hextall is hit by Cedric Paquette and loses puck.
18:56 of 1st period - Dane Byers is hit by Farm Player33 and loses puck.
19:31 of 1st period - Wrist shot by Paul Bissonnette.
19:31 of 1st period - Shot Misses the Net.
Goals for this period are 2 for Wolves vs 0 for Monsters.
Shots for this period are 4 for Wolves vs 5 for Monsters.

2nd period


0:01 of 2nd period - Andrej Nestrasil wins face-off versus Jordan Schroeder in neutral zone.
1:31 of 2nd period - Max Friberg is hit by Daniel Carcillo.
3:03 of 2nd period - Slapshot by Jordan Schroeder.
3:03 of 2nd period - Deflect By Chris Terry.
3:03 of 2nd period - Goal by Chris Terry - Wolves : 3 - Monsters : 0.
3:04 of 2nd period - Max Friberg wins face-off versus Cedric Paquette in neutral zone.
3:07 of 2nd period - Wrist shot by Max Friberg.
3:07 of 2nd period - Shot Misses the Net.
3:14 of 2nd period - Matthew Corrente beats up Daniel Carcillo.
3:14 of 2nd period - Penalty to Matthew Corrente for Fighting.
3:14 of 2nd period - Penalty to Daniel Carcillo for Fighting.
3:14 of 2nd period - Daniel Carcillo is ejected from game.
3:14 of 2nd period - Penalty to Matthew Corrente for instigated a fight.
3:14 of 2nd period - Penalty to Matthew Corrente for instigated a fight.
3:15 of 2nd period - Jordan Schroeder wins face-off versus Benn Ferriero in Monsters zone.
3:18 of 2nd period - Slapshot by Jordan Schroeder.
3:18 of 2nd period - Shot Blocked by Farm Player39.
3:37 of 2nd period - Wrist shot by Benn Ferriero.
3:37 of 2nd period - Shot Blocked by Corbin McPherson.
3:44 of 2nd period - Off-side.
3:45 of 2nd period - Cedric Paquette wins face-off versus Benn Ferriero in neutral zone.
3:49 of 2nd period - Off-side.
3:50 of 2nd period - Benn Ferriero wins face-off versus Cedric Paquette in neutral zone.
4:17 of 2nd period - Snap shot by Aaron Volpatti.
4:17 of 2nd period - Goal by Aaron Volpatti - Wolves : 4 - Monsters : 0.
4:17 of 2nd period - Farm Player100 enters game.
4:18 of 2nd period - Jordan Schroeder wins face-off versus Ben Street in neutral zone.
4:29 of 2nd period - Slapshot by Jared Boll.
4:29 of 2nd period - Shot Blocked by Ben Street.
4:31 of 2nd period - Slapshot by Corbin McPherson.
4:31 of 2nd period - Stopped by Farm Player100 without a rebound.
4:32 of 2nd period - Ben Street wins face-off versus Chris Terry in Monsters zone.
4:43 of 2nd period - Snap shot by Jared Boll.
4:43 of 2nd period - Shot Misses the Net.
4:45 of 2nd period - Snap shot by Chris Terry.
4:45 of 2nd period - Shot Blocked by Brett Hextall.
4:55 of 2nd period - Jared Boll is hit by Farm Player13 and loses puck.
5:23 of 2nd period - Farm Player27 is hit by Aaron Volpatti.
5:31 of 2nd period - Kent Huskins is hit by Raphael Bussieres and loses puck.
5:42 of 2nd period - Snap shot by Raphael Bussieres.
5:42 of 2nd period - Stopped by Peter Mannino with a rebound.
5:44 of 2nd period - Wrist shot by Farm Player27.
5:44 of 2nd period - Stopped by Peter Mannino with a rebound.
5:46 of 2nd period - Wrist shot by Raphael Bussieres.
5:46 of 2nd period - Stopped by Peter Mannino with a rebound.
6:16 of 2nd period - Andrej Nestrasil is hit by Kent Huskins and loses puck.
6:41 of 2nd period - Max Friberg and Aaron Volpatti fight to a draw.
6:41 of 2nd period - Penalty to Max Friberg for Fighting.
6:41 of 2nd period - Penalty to Aaron Volpatti for Fighting.
6:41 of 2nd period - Penalty to Aaron Volpatti for instigated a fight.
6:41 of 2nd period - Penalty to Aaron Volpatti for instigated a fight.
6:42 of 2nd period - Chris Terry wins face-off versus Ben Street in Monsters zone.
7:04 of 2nd period - Wrist shot by Ben Street.
7:04 of 2nd period - Stopped by Peter Mannino with a rebound.
7:29 of 2nd period - Benn Ferriero is hit by Kent Huskins and loses puck.
8:14 of 2nd period - Penalty to Daniel Carcillo is over, Farm Player20 is send on ice.
8:41 of 2nd period - Penalty to Aaron Volpatti is over, Farm Player20 is send on ice.
9:01 of 2nd period - Minor Penalty to Cedric Paquette for Hooking.
9:02 of 2nd period - Brett Hextall wins face-off versus Chris Terry in Wolves zone.
9:06 of 2nd period - Snap shot by Brett Hextall.
9:06 of 2nd period - Stopped by Peter Mannino with a rebound.
9:08 of 2nd period - Backhand shot by Brett Hextall.
9:08 of 2nd period - Shot Misses the Net.
9:10 of 2nd period - Wrist shot by Raphael Bussieres.
9:10 of 2nd period - Shot Misses the Net.
9:12 of 2nd period - Snap shot by Ben Street.
9:12 of 2nd period - Goal by Ben Street - Wolves : 4 - Monsters : 1.
9:13 of 2nd period - Tanner Richard wins face-off versus Cedric Paquette in neutral zone.
9:27 of 2nd period - Wrist shot by Benn Ferriero.
9:27 of 2nd period - Shot Misses the Net.
9:29 of 2nd period - Slapshot by Tanner Richard.
9:29 of 2nd period - Stopped by Peter Mannino with a rebound.
10:41 of 2nd period - Backhand shot by Ben Street.
10:41 of 2nd period - Stopped by Peter Mannino with a rebound.
10:43 of 2nd period - Snap shot by Brett Hextall.
10:43 of 2nd period - Shot Misses the Net.
10:45 of 2nd period - Snap shot by Farm Player13.
10:45 of 2nd period - Deflect By Ben Street.
10:45 of 2nd period - Shot Misses the Net.
10:45 of 2nd period - Puck is out of play.
10:46 of 2nd period - Cedric Paquette wins face-off versus Ben Street in Wolves zone.
10:51 of 2nd period - Slapshot by Michael Caruso.
10:51 of 2nd period - Shot Blocked by Farm Player13.
11:01 of 2nd period - Christian Hanson is hit by Brett Hextall and loses puck.
11:12 of 2nd period - Michael Caruso is hit by Brett Hextall.
12:34 of 2nd period - Slapshot by Andrew Joudrey.
12:34 of 2nd period - Shot Misses the Net.
12:42 of 2nd period - Snap shot by Chris Terry.
12:42 of 2nd period - Goal by Chris Terry - Wolves : 5 - Monsters : 1.
12:43 of 2nd period - Jordan Schroeder wins face-off versus Ben Street in neutral zone.
12:50 of 2nd period - Snap shot by Chris Terry.
12:50 of 2nd period - Shot Misses the Net.
12:52 of 2nd period - Snap shot by Jared Boll.
12:52 of 2nd period - Goal by Jared Boll - Wolves : 6 - Monsters : 1.
12:53 of 2nd period - Cedric Paquette wins face-off versus Andrej Nestrasil in neutral zone.
13:01 of 2nd period - Andrej Nestrasil and Christian Hanson fight to a draw.
13:01 of 2nd period - Penalty to Andrej Nestrasil for Fighting.
13:01 of 2nd period - Andrej Nestrasil is ejected from game.
13:01 of 2nd period - Penalty to Christian Hanson for Fighting.
13:02 of 2nd period - Andrew Joudrey wins face-off versus Jordan Schroeder in neutral zone.
13:05 of 2nd period - Chris Terry is hit by Andrew Joudrey and loses puck.
13:18 of 2nd period - Wrist shot by Jordan Schroeder.
13:18 of 2nd period - Shot Misses the Net.
13:20 of 2nd period - Slapshot by Mark Pysyk.
13:20 of 2nd period - Stopped by Farm Player100 with a rebound.
13:22 of 2nd period - Slapshot by Mark Pysyk.
13:22 of 2nd period - Stopped by Farm Player100 with a rebound.
14:02 of 2nd period - Wrist shot by Ben Street.
14:02 of 2nd period - Shot Hit the Post.
14:04 of 2nd period - Wrist shot by Max Friberg.
14:04 of 2nd period - Deflect By Brett Hextall.
14:04 of 2nd period - Shot Misses the Net.
14:04 of 2nd period - Puck is out of play.
14:05 of 2nd period - Tanner Richard wins face-off versus Cedric Paquette in Wolves zone.
14:22 of 2nd period - Icing by Dane Byers.
14:23 of 2nd period - Cedric Paquette wins face-off versus Tanner Richard in Wolves zone.
14:56 of 2nd period - Wrist shot by Jordan Schroeder.
14:56 of 2nd period - Shot Misses the Net.
14:58 of 2nd period - Backhand shot by Chris Terry.
14:58 of 2nd period - Shot Misses the Net.
15:00 of 2nd period - Slapshot by Chris Terry.
15:00 of 2nd period - Shot Misses the Net.
15:02 of 2nd period - Wrist shot by Chris Terry.
15:02 of 2nd period - Goal by Chris Terry - Wolves : 7 - Monsters : 1.
15:03 of 2nd period - Ben Street wins face-off versus Jordan Schroeder in neutral zone.
16:30 of 2nd period - Slapshot by Benn Ferriero.
16:30 of 2nd period - Stopped by Peter Mannino with a rebound.
16:32 of 2nd period - Wrist shot by Benn Ferriero.
16:32 of 2nd period - Stopped by Peter Mannino without a rebound.
16:33 of 2nd period - Andrew Joudrey wins face-off versus Dane Byers in Wolves zone.
16:48 of 2nd period - Snap shot by Paul Bissonnette.
16:48 of 2nd period - Stopped by Peter Mannino with a rebound.
16:50 of 2nd period - Snap shot by Benn Ferriero.
16:50 of 2nd period - Shot Misses the Net.
16:52 of 2nd period - Snap shot by Paul Bissonnette.
16:52 of 2nd period - Stopped by Peter Mannino with a rebound.
16:54 of 2nd period - Snap shot by Benn Ferriero.
16:54 of 2nd period - Stopped by Peter Mannino without a rebound.
16:55 of 2nd period - Raphael Bussieres wins face-off versus Jordan Schroeder in Wolves zone.
16:56 of 2nd period - Wrist shot by Andrew Joudrey.
16:56 of 2nd period - Shot Blocked by Mark Pysyk.
16:58 of 2nd period - Minor Penalty to Jared Boll for Roughing.
16:59 of 2nd period - Jordan Schroeder wins face-off versus Andrew Joudrey in Wolves zone.
17:37 of 2nd period - Andrew Joudrey is hit by Chris Terry.
17:51 of 2nd period - Tanner Richard is hit by Cedric Paquette and loses puck.
18:00 of 2nd period - Cedric Paquette is hit by Farm Player13 and loses puck.
18:14 of 2nd period - 10 Minutes Misconduct Penalty to Matthew Corrente is over.
18:35 of 2nd period - Corbin McPherson is hit by Brett Hextall and loses puck.
18:58 of 2nd period - Penalty to Jared Boll is over, Jared Boll is back on ice.
19:33 of 2nd period - Matthew Corrente is hit by Mark Pysyk and loses puck.
19:40 of 2nd period - Wrist shot by Landon Ferraro.
19:40 of 2nd period - Shot Misses the Net.
Goals for this period are 5 for Wolves vs 1 for Monsters.
Shots for this period are 8 for Wolves vs 13 for Monsters.

3rd period


0:01 of 3rd period - Andrew Joudrey wins face-off versus Jordan Schroeder in neutral zone.
0:03 of 3rd period - Paul Bissonnette and Jared Boll fight to a draw.
0:03 of 3rd period - Penalty to Paul Bissonnette for Fighting.
0:03 of 3rd period - Penalty to Jared Boll for Fighting.
0:03 of 3rd period - Penalty to Paul Bissonnette for instigated a fight.
0:03 of 3rd period - Penalty to Paul Bissonnette for instigated a fight.
0:04 of 3rd period - Jordan Schroeder wins face-off versus Benn Ferriero in Wolves zone.
0:09 of 3rd period - Farm Player35 is hit by Jordan Schroeder and loses puck.
0:25 of 3rd period - Off-side.
0:26 of 3rd period - Cedric Paquette wins face-off versus Benn Ferriero in neutral zone.
0:35 of 3rd period - Slapshot by Mark Pysyk.
0:35 of 3rd period - Shot Misses the Net.
0:37 of 3rd period - Slapshot by Mark Pysyk.
0:37 of 3rd period - Goal by Mark Pysyk - Wolves : 8 - Monsters : 1.
0:37 of 3rd period - Farm Player80 enters game.
0:38 of 3rd period - Andrew Joudrey wins face-off versus Chris Terry in neutral zone.
1:33 of 3rd period - Slapshot by Ben Street.
1:33 of 3rd period - Stopped by Peter Mannino without a rebound.
1:34 of 3rd period - Ben Street wins face-off versus Cedric Paquette in Wolves zone.
1:41 of 3rd period - 10 Minutes Misconduct Penalty to Aaron Volpatti is over.
1:41 of 3rd period - Christian Hanson is hit by Max Friberg and loses puck.
2:00 of 3rd period - Snap shot by Cedric Paquette.
2:00 of 3rd period - Shot Misses the Net.
2:02 of 3rd period - Wrist shot by Cedric Paquette.
2:02 of 3rd period - Stopped by Farm Player80 with a rebound.
2:04 of 3rd period - Snap shot by Christian Hanson.
2:04 of 3rd period - Stopped by Farm Player80 with a rebound.
2:23 of 3rd period - Slapshot by Corbin McPherson.
2:23 of 3rd period - Deflect By Chris Terry.
2:23 of 3rd period - Shot Misses the Net.
2:23 of 3rd period - Puck is out of play.
2:24 of 3rd period - Landon Ferraro wins face-off versus Andrew Joudrey in Monsters zone.
2:43 of 3rd period - Snap shot by Chris Terry.
2:43 of 3rd period - Stopped by Farm Player80 without a rebound.
2:44 of 3rd period - Andrew Joudrey wins face-off versus Joel Broda in Monsters zone.
2:53 of 3rd period - Snap shot by Andrew Joudrey.
2:53 of 3rd period - Stopped by Peter Mannino with a rebound.
3:29 of 3rd period - Snap shot by Aaron Volpatti.
3:29 of 3rd period - Shot Misses the Net.
3:43 of 3rd period - Wrist shot by Aaron Volpatti.
3:43 of 3rd period - Shot Misses the Net.
3:45 of 3rd period - Snap shot by Yann Sauve.
3:45 of 3rd period - Shot Misses the Net.
3:47 of 3rd period - Wrist shot by Christian Hanson.
3:47 of 3rd period - Shot Blocked by Matthew Corrente.
3:49 of 3rd period - Backhand shot by Christian Hanson.
3:49 of 3rd period - Shot Misses the Net.
3:53 of 3rd period - Wrist shot by Cedric Paquette.
3:53 of 3rd period - Shot Blocked by Matthew Corrente.
3:55 of 3rd period - Wrist shot by Corbin McPherson.
3:55 of 3rd period - Deflect By Cedric Paquette.
3:55 of 3rd period - Stopped by Farm Player80 with a rebound.
4:15 of 3rd period - Snap shot by Max Friberg.
4:15 of 3rd period - Shot Misses the Net.
4:21 of 3rd period - Wrist shot by Ben Street.
4:21 of 3rd period - Shot Misses the Net.
4:46 of 3rd period - Max Friberg and Aaron Volpatti fight to a draw.
4:46 of 3rd period - Penalty to Max Friberg for Fighting.
4:46 of 3rd period - Max Friberg is ejected from game.
4:46 of 3rd period - Penalty to Aaron Volpatti for Fighting.
4:46 of 3rd period - Penalty to Aaron Volpatti for instigated a fight.
4:46 of 3rd period - Penalty to Aaron Volpatti for instigated a fight.
4:47 of 3rd period - Raphael Bussieres wins face-off versus Cedric Paquette in Monsters zone.
5:58 of 3rd period - Wrist shot by Brett Hextall.
5:58 of 3rd period - Stopped by Peter Mannino without a rebound.
5:59 of 3rd period - Joel Broda wins face-off versus Andrew Joudrey in Wolves zone.
7:30 of 3rd period - Wrist shot by Landon Ferraro.
7:30 of 3rd period - Shot Blocked by Farm Player39.
7:48 of 3rd period - Snap shot by Benn Ferriero.
7:48 of 3rd period - Stopped by Peter Mannino without a rebound.
7:49 of 3rd period - Tanner Richard wins face-off versus Cedric Paquette in Wolves zone.
7:50 of 3rd period - Snap shot by Benn Ferriero.
7:50 of 3rd period - Stopped by Peter Mannino without a rebound.
7:51 of 3rd period - Cedric Paquette wins face-off versus Tanner Richard in Wolves zone.
8:10 of 3rd period - Andrew Joudrey is hit by Cedric Paquette and loses puck.
8:33 of 3rd period - Mark Pysyk is hit by Andrew Joudrey and loses puck.
8:55 of 3rd period - Off-side.
8:56 of 3rd period - Ben Street wins face-off versus Landon Ferraro in neutral zone.
8:56 of 3rd period - Matthew Corrente beats up Dane Byers.
8:56 of 3rd period - Penalty to Matthew Corrente for Fighting.
8:56 of 3rd period - Penalty to Dane Byers for Fighting.
8:57 of 3rd period - Cedric Paquette wins face-off versus Andrew Joudrey in neutral zone.
9:16 of 3rd period - Snap shot by Cedric Paquette.
9:16 of 3rd period - Stopped by Farm Player80 with a rebound.
9:18 of 3rd period - Wrist shot by Landon Ferraro.
9:18 of 3rd period - Deflect By Raphael Bussieres.
9:18 of 3rd period - Shot Misses the Net.
9:18 of 3rd period - Puck is out of play.
9:19 of 3rd period - Brett Hextall wins face-off versus Landon Ferraro in Monsters zone.
9:40 of 3rd period - Wrist shot by Landon Ferraro.
9:40 of 3rd period - Stopped by Farm Player80 with a rebound.
10:06 of 3rd period - Snap shot by Joel Broda.
10:06 of 3rd period - Shot Misses the Net.
10:08 of 3rd period - Snap shot by Yann Sauve.
10:08 of 3rd period - Stopped by Farm Player80 with a rebound.
10:10 of 3rd period - Slapshot by Mark Pysyk.
10:10 of 3rd period - Shot Misses the Net.
10:12 of 3rd period - Slapshot by Kent Huskins.
10:12 of 3rd period - Deflect By Christian Hanson.
10:12 of 3rd period - Shot Blocked by Benn Ferriero.
10:12 of 3rd period - Puck is out of play.
10:13 of 3rd period - Benn Ferriero wins face-off versus Cedric Paquette in Monsters zone.
10:13 of 3rd period - Benn Ferriero is hit by Cedric Paquette.
11:01 of 3rd period - Wrist shot by Chris Terry.
11:01 of 3rd period - Goal by Chris Terry - Wolves : 9 - Monsters : 1.
11:02 of 3rd period - Andrew Joudrey wins face-off versus Cedric Paquette in neutral zone.
11:20 of 3rd period - Wrist shot by Cedric Paquette.
11:20 of 3rd period - Shot Misses the Net.
12:07 of 3rd period - Ben Street is hit by Jared Boll and loses puck.
12:30 of 3rd period - Backhand shot by Mark Pysyk.
12:30 of 3rd period - Shot Blocked by Ben Street.
12:38 of 3rd period - Slapshot by Mark Pysyk.
12:38 of 3rd period - Shot Misses the Net.
12:40 of 3rd period - Slapshot by Mark Pysyk.
12:40 of 3rd period - Stopped by Farm Player80 with a rebound.
12:58 of 3rd period - Wrist shot by Cedric Paquette.
12:58 of 3rd period - Stopped by Farm Player80 without a rebound.
12:59 of 3rd period - Andrew Joudrey wins face-off versus Cedric Paquette in Monsters zone.
13:45 of 3rd period - Slapshot by Cedric Paquette.
13:45 of 3rd period - Stopped by Farm Player80 with a rebound.
13:51 of 3rd period - Andrew Joudrey is hit by Joel Broda and loses puck.
14:20 of 3rd period - Slapshot by Matthew Corrente.
14:20 of 3rd period - Shot Misses the Net.
15:03 of 3rd period - 10 Minutes Misconduct Penalty to Paul Bissonnette is over.
15:04 of 3rd period - Slapshot by Christian Hanson.
15:04 of 3rd period - Shot Misses the Net.
15:10 of 3rd period - Wrist shot by Christian Hanson.
15:10 of 3rd period - Stopped by Farm Player80 with a rebound.
15:32 of 3rd period - Snap shot by Benn Ferriero.
15:32 of 3rd period - Stopped by Peter Mannino with a rebound.
15:34 of 3rd period - Wrist shot by Andrew Joudrey.
15:34 of 3rd period - Shot Misses the Net.
15:36 of 3rd period - Snap shot by Paul Bissonnette.
15:36 of 3rd period - Shot Misses the Net.
15:56 of 3rd period - Slapshot by Matthew Corrente.
15:56 of 3rd period - Shot Misses the Net.
16:58 of 3rd period - Andrew Joudrey is hit by Christian Hanson and loses puck.
17:53 of 3rd period - Jared Boll is hit by Tanner Richard and loses puck.
18:18 of 3rd period - Matthew Corrente is hit by Christian Hanson.
19:20 of 3rd period - Slapshot by Corbin McPherson.
19:20 of 3rd period - Stopped by Farm Player80 with a rebound.
19:22 of 3rd period - Slapshot by Yann Sauve.
19:22 of 3rd period - Stopped by Farm Player80 with a rebound.
19:43 of 3rd period - Icing by Corbin McPherson.
19:44 of 3rd period - Jordan Schroeder wins face-off versus Farm Player13 in Wolves zone.
19:46 of 3rd period - 10 Minutes Misconduct Penalty to Aaron Volpatti is over.
Goals for this period are 2 for Wolves vs 0 for Monsters.
Shots for this period are 15 for Wolves vs 6 for Monsters.


Output by the SimonT Hockey Simulator (STHS) for Eric Dolegowski -- Original Page W3C XHTML 1.0 Valid
Hockey Simulator - Hockey Simulation - Hockey Manager